 Dungeon Crawl Stone Soup version 0.31-a0-358-gac0dbeb3ab (webtiles) character file.

Game seed: 11441434476850814611

27 Bnni the Changeling (level 3, -7/23 HPs)
             Began as an Octopode Shapeshifter on July 25, 2023.
             Mangled by Sigmund
             ... wielding a +0 scythe
              (12 damage)
             ... on level 2 of the Dungeon.
             The game lasted 00:01:09 (906 turns).

Bnni the Changeling (Octopode Shapeshifter)          Turns: 906, Time: 00:01:10

Health: -7/23      AC:  1    Str: 14    XL:     3   Next: 10%
Magic:  3/3        EV:  8    Int: 10    God:
Gold:   59         SH: 11    Dex: 14    Spells: 2/2 levels left

rFire   . .          .
                       - Unarmed
rCold   . . .        i - +0 tower shield
rNeg    . . .        (helmet currently unavailable)
rPois   .            (no amulet)
rElec   .            (no ring)
rCorr   .            (no ring)
SInv    .            (no ring)
Will    .....        (no ring)
Stlth   ++           (no ring)
HPRegen 0.23/turn    (no ring)
MPRegen 0.08/turn    (no ring)
                     (no ring)

%: no passive effects
@: beast-form
A: beast (slay +2), almost no armour, amphibious, 8 rings, camouflage 1,
gelatinous body 1, (nimble swimmer 1), tentacles
a: Begin Untransformation


You were on level 2 of the Dungeon.
You were a hulking beast.
You visited 1 branch of the dungeon, and saw 2 of its levels.

You collected 59 gold pieces.

Inventory:

Armour
 i - a +0 tower shield (worn)
Talismans
 b - a beast talisman
Scrolls
 c - a scroll of blinking {unknown}
 d - a scroll of revelation {unknown}
 f - a scroll of teleportation {unknown}
 k - a scroll of identify {unknown}
Potions
 a - a potion of lignification
 e - a potion of degeneration {unknown}
 g - a potion of heal wounds {unknown}
 h - a potion of mutation {unknown}
 j - 4 potions of curing {unknown}


   Skills:
 + Level 1.6 Fighting
 - Level 2.0 Dodging
 + Level 3.3 Unarmed Combat
 * Level 3.4 Shapeshifting


You had 2 spell levels left.
You didn't know any spells.
Your spell library was empty.

Dungeon Overview and Level Annotations

Branches:
Dungeon (2/15)

Altars:

Annotations:
D:2 Sigmund


Innate Abilities, Weirdness & Mutations

You are a hulking beast.
Your limbs bulge with bestial killing power. (Slay +2)
You cannot wear most types of armour.
You are amphibious.
You can wear up to eight rings at the same time.
Your skin changes colour to match your surroundings (Stealth+).
Your rubbery body absorbs attacks. (AC +1, EV +1)
((You are camouflaged when in or above water. (Stealth+)))
You have tentacles for arms and can constrict up to eight enemies at once.


Message History

You bludgeon the frilled lizard!
You kill the frilled lizard!
No target in view!
No target in view!
The rat barely misses you.
You closely miss the rat. Your grab misses the rat. You block the rat's attack.
You bludgeon the rat!
You kill the rat!
An endoplasm comes into view.
You see here a blue potion.
The endoplasm quivers.
An endoplasm is nearby!
You barely miss the endoplasm. The endoplasm freezes you.
You are frozen.
You tentacle-slap the endoplasm.
You kill the endoplasm!
HP restored.
j - 4 blue potions (gained 1)
k - a scroll labelled MULUDDI IPYXKU No target in view!
Found 5 stones.
No target in view!
No target in view!
Sigmund the Dreaded comes into view.
He is wielding a +0 scythe and wearing a +2 robe of positive energy.
You see here 10 gold pieces.
Sigmund is nearby!
Found a stone staircase leading down.
Sigmund shouts!
Sigmund mumbles some strange words.
Sigmund flickers and vanishes!
Deactivating autopickup; reactivate with Ctrl-A.
No target in view!
No target in view!
You tentacle-slap something. Your squeeze misses something. Something hits you!
You bludgeon something! Something hits you!
* * * LOW HITPOINT WARNING * * *
You miss something. Your squeeze misses something. Something hits you!
Ouch! That really hurt!
You die...

...........[.........
...######.##..####.#.
#####......#
$.....#.##.....
######.$# .#PP(
##..## .P... #..##
..######.##
......{h.# ....######
>


There were no monsters in sight!

Vanquished Creatures
  3 endoplasms
  4 goblins (D:1)
  2 hobgoblins (D:1)
  2 kobolds (D:1)
  A quokka (D:1)
  4 ball pythons (D:1)
  3 bats (D:1)
  2 frilled lizards
  4 rats
25 creatures vanquished.

Notes
Turn   | Place    | Note
-------+----------+-------------------------------------------
     0 | D:1      | Bnni the Octopode Shapeshifter began the quest for the Orb.
     0 | D:1      | Reached XP level 1. HP: 13/13 MP: 1/1
   162 | D:1      | Reached XP level 2. HP: 18/18 MP: 2/2
   596 | D:1      | Reached XP level 3. HP: 13/23 MP: 3/3
   899 | D:2      | Noticed Sigmund
   906 | D:2      | Mangled by Sigmund

Illustrated notes

Levels and vault maps discovered:
D:1:      dpeg_arrival_connections, layout_loops_ring
D:2:      cheibrodos_old_hovel, layout_rooms, uniq_sigmund

Action                     || total
---------------------------++-------
  Melee: Unarmed           ||    51
         Constrict         ||     9
         Tentacles         ||     3
   Stab: Sleeping          ||     8
 Armour: Skin              ||     4
  Dodge: Dodged            ||    23
  Block: Tower shield      ||     1

Table legend: (Time is in decaauts)
 A = Elapsed time spent in this place.
 B = Non-inter-level travel time spent in this place.
 C = Inter-level travel time spent in this place.
 D = Time resting spent in this place.
 E = Time spent auto-exploring this place.
 F = Levels seen in this place.
 G = Mean time per level.
                   A        B        C        D        E       F      G
               +--------+--------+--------+--------+--------+-----+--------+
         Total |    908 |    826 |     82 |      0 |    667 |   2 |  454.0 |
       Dungeon |    908 |    826 |     82 |      0 |    667 |   2 |  454.0 |
               +--------+--------+--------+--------+--------+-----+--------+

Top non-repeatable levels by time:
     D:1: 864 daAuts
     D:2: 43 daAuts
